Map: Terraform LE (Void)

Players

wabbajack - Winner!

  • Race: Zerg Zerg
  • League: Gold

ZumoCoCoHerO

  • Race: Protoss Protoss
  • League: Gold

VOD

Have the link to the VOD?

Description

Time

  • Played on: July 21, 2015, 2:38 p.m.
  • Length: 14:23
Show
View Real Time Build Order
Export as new Build Order

wabbajack Zerg - Winner!

Build Orders: Hatch First 

Get SALT Encoding   

  12  0:01  Drone  
  13  0:14  Overlord  
  13  0:17  Drone  
  14  0:24  Extractor  
  14  0:25  Drone  
  15  0:32  Drone  
  16  0:36  Drone  
  17  0:57  Hatchery  
  17  1:00  Drone  
  17  1:01  Drone  
  18  1:07  Extractor  
  17  1:17  Spawning Pool  
  16  1:20  Drone  
  16  1:24  Drone  
  18  1:33  Drone  
  19  1:43  Drone  
  20  1:57  Overlord  
  20  2:05  Queen  
  20  2:07  Roach Warren  
  21  2:10  Queen  
  23  2:16  Zergling x2  
  23  2:18  Zergling x2  
  23  2:22  Drone  
  26  2:24  Drone  
  26  2:27  Drone  
  28  2:36  Drone x2  
  30  2:54  Overlord  
  30  2:55  Overlord  
  30  3:00  Metabolic Boost  
  30  3:03  Overlord  
  30  3:06  Roach x2  
  30  3:10  Roach  
  35  3:35  Roach x6  
  47  3:43  Zergling x2  
  47  3:44  Zergling x2  
  47  3:45  Zergling x4  
  51  3:49  Overlord  
  51  3:59  Zergling x2  
  51  4:00  Zergling x4  
  54  4:11  Zergling x2  
  54  4:12  Zergling x12  
  61  4:20  Pneumatized Carapace  
  61  4:24  Overlord  
  54  5:14  Zergling x8  
  54  5:15  Zergling x6  
  54  5:16  Zergling x2  
  56  5:38  Drone x4  
  56  5:39  Drone x8  
  68  5:45  Extractor  
  68  5:48  Hatchery  
  38  6:38  Zergling x6  
  38  6:39  Zergling x14  
  48  6:52  Lair  
  48  6:54  Evolution Chamber, Extractor  
  48  6:57  Drone x3  
  48  6:58  Extractor  
  48  7:09  Overlord  
  48  7:10  Overlord  
  48  7:11  Queen  
  50  7:18  Drone x3  
  50  7:21  Zerg Missile Weapons Level 1  
  43  7:55  Glial Reconstitution  
  43  8:00  Drone, Hydralisk Den  
  43  8:01  Drone x2  
  43  8:02  Evolution Chamber, Drone  
  43  8:03  Drone x12  
  57  8:07  Overlord x2  
  57  8:10  Queen  
  59  8:14  Hatchery, Infestation Pit  
  59  8:15  Overseer  
  57  8:35  Zerg Ground Armor Level 1  
  57  8:42  Roach x10  
  57  8:43  Roach x6  
  85  9:05  Drone x3  
  85  9:06  Drone x2  
  85  9:08  Spine Crawler  
  89  9:10  Spine Crawler  
  88  9:22  Muscular Augments  
  88  9:26  Zerg Melee Weapons Level 1  
  88  9:28  Roach  
  88  9:29  Roach x7  
  102  10:08  Drone x2  
  102  10:09  Drone x2  
  102  10:12  Drone x2, Extractor  
  102  10:13  Extractor  
  88  10:39  Lurker Den, Hydralisk x5, Roach  
  88  10:40  Hydralisk, Roach x5  
  88  10:42  Overlord x7  
  112  10:50  Zerg Ground Armor Level 2  
  112  10:59  Hatchery  
  111  11:06  Drone x3  
  114  11:13  Spore Crawler x2  
  114  11:16  Spore Crawler  
  103  11:46  Drone  
  105  11:47  Drone x17  
  105  11:48  Spire  
  120  11:55  Spore Crawler  
  120  11:56  Spore Crawler  
  94  12:31  Hydralisk x3  
  94  12:32  Hydralisk x6, Roach x6  
  94  12:33  Roach x4  
  110  13:10  Mutalisk x13  
  136  13:45  Zergling x2  
  136  13:46  Zergling x46  
  152  14:06  Drone x3  
  152  14:08  Drone x4  
  162  14:10  Drone  
Show
View Real Time Build Order
Export as new Build Order

ZumoCoCoHerO Protoss 

Build Orders: Nexus First 

Get SALT Encoding   

  12  0:01  Probe  
  13  0:13  Probe  
  14  0:20  Pylon  
  14  0:38  Probe (Chrono Boost)  
  15  0:47  Probe (Chrono Boost)  
  16  0:55  Probe  
  17  1:02  Nexus  
  17  1:09  Pylon  
  17  1:12  Probe (Chrono Boost)  
  18  1:23  Probe (Chrono Boost)  
  19  1:27  Forge  
  19  1:30  Probe  
  20  1:41  Gateway  
  20  1:46  Probe (Chrono Boost)  
  21  1:56  Probe (Chrono Boost)  
  21  2:01  Photon Cannon  
  22  2:05  Assimilator  
  22  2:07  Assimilator  
  22  2:11  Probe (Chrono Boost)  
  23  2:21  Probe (Chrono Boost)  
  24  2:25  Probe (Chrono Boost)  
  24  2:28  Probe  
  26  2:36  Probe  
  27  2:37  Cybernetics Core  
  27  2:51  Probe (Chrono Boost)  
  27  2:52  Probe (Chrono Boost)  
  28  3:00  Assimilator  
  28  3:02  Probe x2 (Chrono Boost), Assimilator  
  30  3:06  Protoss Ground Weapons Level 1  
  30  3:08  Probe (Chrono Boost)  
  30  3:10  Probe (Chrono Boost)  
  33  3:20  Probe (Chrono Boost)  
  33  3:23  Pylon  
  33  3:25  Mothership Core (Chrono Boost)  
  35  3:28  Probe (Chrono Boost)  
  36  3:38  Probe (Chrono Boost)  
  37  3:41  Robotics Facility  
  37  3:42  Probe (Chrono Boost)  
  38  3:54  Probe (Chrono Boost)  
  38  3:55  Probe (Chrono Boost)  
  40  3:56  Gateway  
  42  4:02  Probe (Chrono Boost)  
  42  4:03  Probe (Chrono Boost), Gateway  
  42  4:08  Pylon  
  42  4:09  Probe (Chrono Boost)  
  44  4:10  Probe (Chrono Boost)  
  44  4:15  Photon Cannon  
  44  4:28  Robotics Bay  
  44  4:30  Probe  
  44  4:31  Probe  
  46  4:34  Immortal (Chrono Boost)  
  50  4:40  Pylon  
  50  4:43  Probe x2  
  52  4:55  Probe  
  52  4:59  Pylon x2  
  51  5:14  Zealot (Chrono Boost)  
  51  5:15  Zealot (Chrono Boost)  
  58  5:24  Disruptor (Chrono Boost)  
  58  5:26  Disruptor  
  57  5:29  Cybernetics Core  
  57  5:30  Gateway  
  57  5:32  Gateway  
  56  5:44  Zealot x2 (Chrono Boost)  
  60  5:50  Pylon  
  60  5:51  Pylon  
  60  5:52  Disruptor  
  60  5:53  Pylon  
  40  6:30  Immortal (Chrono Boost)  
  39  6:32  Warp Gate (Chrono Boost)  
  39  6:59  Nexus  
  39  7:00  Pylon  
  39  7:03  Twilight Council  
  39  7:06  Disruptor  
  39  7:17  Warp Prism (Chrono Boost)  
  41  7:28  Probe  
  42  7:40  Probe  
  39  8:06  Photon Cannon  
  39  8:07  Photon Cannon  
  39  8:09  Gateway  
  39  8:15  Gateway x2  
  39  8:27  Zealot x3  
  43  9:01  Stalker x3  
  43  9:02  Stalker  
  47  9:06  Templar Archives  
  47  9:40  Protoss Ground Weapons Level 2  
  47  9:55  Zealot x4  
  47  9:56  Zealot  
  47  9:59  Zealot  
  49  10:00  Zealot x4  
  57  10:10  Pylon  
  57  10:13  Pylon  
  53  10:31  Probe x2  
  55  10:37  Pylon  
  55  10:38  High Templar x5  
  55  10:39  Pylon  
  55  10:40  Pylon  
  65  10:43  Probe x2, Archon x2  
  67  10:54  Disruptor  
  67  10:58  High Templar  
  67  11:00  Disruptor  
  69  11:05  Nexus  
  69  11:07  Zealot x2  
  69  11:08  Zealot x4  
  75  11:42  High Templar x4  
  75  11:43  High Templar x2  
  75  11:45  Disruptor  
  81  11:47  Probe x2  
  81  11:50  Pylon  
  81  11:52  Pylon  
  83  11:54  Archon  
  83  11:55  Assimilator  
  83  11:57  Archon x3, Assimilator  
  83  12:06  Zealot  
  48  12:32  Zealot x5  
  48  12:33  Zealot x2  
  28  13:08  Cybernetics Core  
  28  13:14  Photon Cannon  
  28  13:15  Photon Cannon  
  28  13:17  Photon Cannon  
  28  13:19  Photon Cannon  
  28  13:21  Photon Cannon  
  28  13:22  Zealot x3  
  28  13:23  Zealot x3  
  28  13:24  Zealot  
  28  13:25  Gateway  
  42  13:28  Gateway  
  39  13:56  Probe x2  
  41  14:06  Stalker x2  
  41  14:08  Probe x2  
  43  14:13  Zealot  
  43  14:14  Zealot x3  
Tags
 
Add a new tag
Caveats
  • Supply blocks, unpowered buildings, or Contaminate may cause inaccurate times.
  • Supply counts are checked every 10 seconds.